Map: 天界封锁

Players

Nice

  • Race: Terran Terran
  • Spawn Location: 7:00

jinjing

  • Race: Terran Terran
  • Spawn Location: 6:00

VOD

Have the link to the VOD?

Description

Time

  • Played on: March 1, 2018, 2:19 a.m.
  • Length: 14:35
Show
View Real Time Build Order
Export as new Build Order

Nice Terran 

Build Orders:  

Get SALT Encoding   

  12  0:06  SCV  
  13  0:23  SCV  
  13  0:27  Supply Depot  
  5  0:40  SCV  
  15  0:45  Refinery  
  15  0:51  Refinery  
  16  1:00  SCV  
  16  1:17  SCV  
  17  1:34  SCV  
  17  1:38  Factory  
  19  1:51  SCV  
  19  1:59  Supply Depot  
  19  2:08  SCV  
  20  2:25  SCV  
  22  2:42  SCV  
  22  2:49  Armory  
  22  2:59  SCV  
  23  3:00  Engineering Bay  
  23  3:01  Upgrade Laser Drill Level 1  
  23  3:16  SCV  
  24  3:24  Factory  
  24  3:32  SCV  
  24  3:39  Fire-Suppression Systems  
  25  3:49  SCV  
  26  4:41  KMC Auto-Loaders  
  26  4:53  SCV  
  27  5:07  Factory  
  27  5:15  SCV  
  28  5:22  Devastation Turret x2  
  28  5:24  Upgrade Laser Drill Level 2  
  29  5:32  SCV  
  29  5:50  Devastation Turret  
  29  5:53  Devastation Turret  
  29  6:21  Devastation Turret  
  29  6:52  Hi-Sec Auto Tracking  
  29  7:22  Devastation Turret  
  29  7:24  Spinning Dizzy  
  29  7:36  SCV  
  28  7:57  Devastation Turret  
  28  7:58  Spinning Dizzy  
  28  8:04  SCV  
  29  8:18  Devastation Turret  
  29  8:19  Spinning Dizzy  
  29  8:25  Devastation Turret  
  29  8:44  Devastation Turret  
  29  9:01  Devastation Turret  
  29  9:02  Devastation Turret  
  29  9:04  Devastation Turret  
  29  9:18  Devastation Turret  
  29  9:27  Devastation Turret  
  28  9:39  SCV  
  28  9:54  Spinning Dizzy  
  28  10:03  SCV  
  28  10:09  Devastation Turret  
  29  10:16  Devastation Turret  
  30  10:20  SCV  
  30  10:21  Devastation Turret  
  30  10:39  Devastation Turret  
  30  10:47  Factory  
  30  11:06  Devastation Turret  
  30  11:16  Supply Depot  
  30  11:25  Devastation Turret  
  30  11:30  Devastation Turret  
  30  11:32  Spinning Dizzy  
  30  11:36  Spinning Dizzy  
  27  12:06  Spinning Dizzy  
  27  12:07  Devastation Turret  
  27  12:08  Devastation Turret  
  27  12:10  Devastation Turret  
  27  12:27  Devastation Turret  
  27  12:35  Devastation Turret  
  27  12:51  Devastation Turret  
  27  12:52  Devastation Turret  
  27  12:55  Spinning Dizzy  
  27  13:21  Devastation Turret  
  27  13:23  Devastation Turret  
  27  13:25  Devastation Turret  
  27  13:28  Devastation Turret  
  27  13:38  Spinning Dizzy  
Show
View Real Time Build Order
Export as new Build Order

jinjing Terran 

Build Orders:  

Get SALT Encoding   

  12  0:53  Command Center  
  12  2:40  Barracks  
  12  2:47  Command Center  
  12  3:01  Command Center  
  12  3:27  Orbital Command  
  12  3:47  Orbital Command  
  12  4:29  Orbital Command  
  12  4:46  Orbital Command  
  12  5:07  Command Center  
  12  5:33  Command Center  
  12  6:57  Orbital Command  
  12  7:07  SCV x3  
  12  7:08  SCV  
  16  7:13  Orbital Command  
  16  7:24  SCV x3  
  16  7:25  SCV  
  20  8:33  SCV x2  
  20  8:34  SCV  
  22  9:25  SCV x5  
  22  9:26  SCV  
  28  9:42  SCV x2  
Tags
 
Commander
RaynorSwann
Matchup
Co-op
Replay Pack
Co-op Speedrun
Add a new tag
Caveats
  • Supply blocks, unpowered buildings, or Contaminate may cause inaccurate times.
  • Supply counts are checked every 10 seconds.